 Dungeon Sprint DCSS version 0.30-a0-50-gb2d611f6b1 (webtiles) character file.

Game seed: 9489942177210071271

1484 rocky1 the Basher (level 8, -12/76 (97) HPs)
             Began as an Ogre Gladiator on Sept 5, 2022.
             Was a Priest of Okawaru.
             Killed from afar by Josephine (42 damage)
             ... with a ghostly fireball
             ... in the Dungeon (Sprint VII: "The Pits").
             The game lasted 00:05:59 (2293 turns).

rocky1 the Basher (Ogre Gladiator)                  Turns: 2293, Time: 00:06:00

HP:   -12/76 (97)   AC:  3    Str: 21    XL:     8   Next: 79%
MP:   11/12         EV: 13    Int:  9    God:    Okawaru [***...]
Gold: 0             SH:  0    Dex: 10    Spells: 7/7 levels left

rFire   . . .      SeeInvis .    a - +2 dire flail (vorpal)
rCold   . . .      Faith    .    (shield currently unavailable)
rNeg    . . .      Spirit   .    n - +0 robe
rPois   .          Reflect  .    c - +0 hat
rElec   .          Harm     .    (no cloak)
rCorr   .          Rampage  .    (gloves unavailable)
Will    .....      NoTele   +    (boots unavailable)
Stlth   +++.......               (no amulet)
HPRegen 0.22/turn                (no ring)
MPRegen 0.13/turn                (no ring)

@: heroic, heavily drained
A: large, unfitting armour, tough skin 1
a: Renounce Religion, Heroism


You were in the Dungeon.
You worshipped Okawaru.
Okawaru was most pleased with you.
You visited 1 branch

Inventory:

Hand Weapons
 a - a +2 vorpal dire flail (weapon)
 b - a +2 vampiric war axe
Missiles
 d - a throwing net (quivered)
 e - a large rock
Armour
 c - a +0 hat (worn)
 n - a +0 robe (worn)
Jewellery
 o - a +3 ring of evasion
 q - a +3 ring of evasion
Scrolls
 k - a scroll of blinking
 m - 5 scrolls of amnesia
Potions
 f - 8 potions of curing
 g - 5 potions of heal wounds
 h - 2 potions of haste
 i - 4 potions of magic
 j - 4 potions of berserk rage
 l - 2 potions of invisibility
 p - a potion of resistance


   Skills:
 - Level 11.4(16.4) Fighting
 + Level 4.7(14.9) Axes
 + Level 12.3(17.6) Maces & Flails
 - Level 6.1(11.1) Throwing
 - Level 5.9(10.9) Dodging
 - Level 5.8 Invocations


You had 7 spell levels left.
You didn't know any spells.
Your spell library was empty.

Dungeon Overview and Level Annotations

Branches:
Dungeon (1/1)

Altars:
Ashenzari
Cheibriados
Dithmenos
Elyvilon
Fedhas
Gozag
Hepliaklqana
Kikubaaqudgha
Makhleb
Nemelex Xobeh
Okawaru
Qazlal
Ru
Sif Muna
Trog
Uskayaw
Vehumet
Wu Jian
Xom
Yredelemnul
Zin
The Shining One
Jiyva
Lugonu

Annotations:
D Josephine


Innate Abilities, Weirdness & Mutations

You are too large for most types of armour.
You have tough skin. (AC +1)


Message History

Unknown command.
You puncture the wraith!
The wraith is heavily damaged.
The orc sorcerer points at you and mumbles some strange words.
The bolt of negative energy hits the wraith.
The wraith completely resists.
The bolt of negative energy hits you!!
You feel drained. The wraith hits you but does no damage.
You barely miss the wraith.
The wraith is heavily damaged.
You hit the wraith.
The wraith is severely damaged.
The wraith hits you.
You barely miss the wraith.
The wraith is severely damaged.
You sock Josephine!
Josephine is lightly wounded.
You puncture Josephine!
Josephine is moderately wounded.
You impale Josephine!!
Josephine is severely wounded.
You barely miss Josephine.
Josephine is severely wounded.
The orc sorcerer mumbles some strange words.
Josephine points at you and mumbles some strange words.
The ghostly flame explodes!
The ghostly fireball engulfs you!!
You feel drained.
The ghostly fireball engulfs Josephine.
Josephine completely resists.
You barely miss Josephine.
Josephine is severely wounded.
Josephine gestures at you while chanting.
The ghostly flame explodes!
The ghostly fireball engulfs you!!
You feel drained.
* * * LOW HITPOINT WARNING * * *
The ghostly fireball engulfs Josephine.
Josephine completely resists.
You feel much better.
Josephine points at you and mumbles some strange words.
The ghostly flame explodes!
The ghostly fireball engulfs you!!!
You feel drained.
Ouch! That really hurt!
You die...

))#####'#####''######
))##.......##''#
))##.......##..#
..##.......##..# #
'###...<...##..# .##
..##.......##..# ...#
..##.......##..## 45...
####.......##...##oW....
..###########...@@WWE...
)############...##4W....
)#....#..[[##..## .....
)#....#..[[##..# ...#
)'....'..))##..# .##
'#....#..))##..# #
)#....#...)##..#
################


You could see Josephine, an earth elemental, a hellwing (summoned), an ice
devil, 4 wraiths, an orc sorcerer and an ufetubus.

Vanquished Creatures
  A smoke demon (D)
  4 yaks (D)
  A floating eye (D)
  A sky beast (D)
  A centaur (D)
  2 scorpions (D)
  2 crimson imps (D)
  An iron imp (D)
  An orc priest (D)
  A hell rat (D)
  An adder (D)
  2 gnolls (D)
  A river rat (D)
  3 orcs (D)
  A hobgoblin (D)
  2 jackals (D)
  A kobold (D)
  A quokka (D)
  A ball python (D)
  2 bats (D)
  A rat (D)
31 creatures vanquished.

Notes
Turn   | Place    | Note
-------+----------+-------------------------------------------
     0 | D        | rocky1 the Ogre Gladiator began the quest for the Orb.
     0 | D        | Reached XP level 1. HP: 22/22 MP: 1/1
    23 | D        | Found a bloodstained altar of Trog.
    23 | D        | Found a shimmering blue altar of Sif Muna.
    23 | D        | Found a viscous altar of Jiyva.
    23 | D        | Found a hazy altar of Hepliaklqana.
    23 | D        | Found an opulent altar of Gozag.
    24 | D        | Found a glowing golden altar of the Shining One.
    24 | D        | Found a glowing silver altar of Zin.
    24 | D        | Found a basalt altar of Yredelemnul.
    24 | D        | Found a shimmering altar of Xom.
    24 | D        | Found an ornate altar of the Wu Jian Council.
    24 | D        | Found a sacrificial altar of Ru.
    24 | D        | Found a stormy altar of Qazlal.
    24 | D        | Found an iron altar of Okawaru.
    24 | D        | Found a sparkling altar of Nemelex Xobeh.
    24 | D        | Found a burning altar of Makhleb.
    24 | D        | Found a blossoming altar of Fedhas.
    24 | D        | Found a white marble altar of Elyvilon.
    24 | D        | Found a shadowy altar of Dithmenos.
    24 | D        | Found a snail-covered altar of Cheibriados.
    27 | D        | Found a corrupted altar of Lugonu.
    27 | D        | Found a radiant altar of Vehumet.
    28 | D        | Found an ancient bone altar of Kikubaaqudgha.
    28 | D        | Found a hide-covered altar of Uskayaw.
    28 | D        | Found a broken altar of Ashenzari.
    32 | D        | Became a worshipper of Warmaster Okawaru
    72 | D        | Reached skill level 3 in Maces & Flails
    80 | D        | Reached XP level 2. HP: 3/32 MP: 2/2
   383 | D        | Reached skill level 4 in Maces & Flails
   383 | D        | Reached skill level 1 in Invocations
   607 | D        | Noticed a scorpion
   614 | D        | Reached XP level 3. HP: 38/39 MP: 3/3
   617 | D        | Killed a scorpion
   618 | D        | Reached skill level 5 in Fighting
   618 | D        | Reached skill level 5 in Maces & Flails
   618 | D        | Reached XP level 4. HP: 38/50 MP: 3/6
   941 | D        | Noticed a sky beast
   942 | D        | Noticed a floating eye
   947 | D        | Paralysed by a floating eye for 2 turns
   951 | D        | Killed a floating eye
   951 | D        | Reached * piety under Okawaru
   952 | D        | Reached skill level 6 in Maces & Flails
   952 | D        | Reached skill level 5 in Throwing
   952 | D        | Reached skill level 5 in Dodging
   952 | D        | Reached XP level 5. HP: 61/61 MP: 6/8
   956 | D        | Killed a sky beast
   957 | D        | Reached skill level 7 in Maces & Flails
   957 | D        | Reached skill level 5 in Invocations
   957 | D        | Reached XP level 6. HP: 64/71 MP: 6/9
  1039 | D        | Reached ** piety under Okawaru
  1040 | D        | Reached skill level 8 in Maces & Flails
  1462 | D        | Noticed a yak
  1462 | D        | Noticed a yak
  1462 | D        | Noticed a yak
  1462 | D        | Noticed a yak
  1472 | D        | Killed a yak
  1473 | D        | Reached skill level 9 in Maces & Flails
  1473 | D        | Reached XP level 7. HP: 22/83 MP: 8/11
  1477 | D        | Killed a yak
  1478 | D        | Reached skill level 10 in Fighting
  1478 | D        | Reached skill level 10 in Maces & Flails
  1484 | D        | Killed a yak
  1484 | D        | Reached *** piety under Okawaru
  1485 | D        | Reached XP level 8. HP: 14/96 MP: 9/12
  1498 | D        | Killed a yak
  1499 | D        | Reached skill level 11 in Maces & Flails
  2039 | D        | Noticed a smoke demon
  2044 | D        | Reached skill level 1 in Axes
  2052 | D        | Killed a smoke demon
  2052 | D        | Reached **** piety under Okawaru
  2053 | D        | Reached skill level 12 in Maces & Flails
  2282 | D        | Noticed an orc sorcerer
  2282 | D        | Noticed Josephine
  2282 | D        | Noticed a wraith
  2282 | D        | Noticed a wraith
  2282 | D        | Noticed a wraith
  2282 | D        | Noticed a wraith
  2282 | D        | Noticed an ice devil
  2292 | D        | Noticed a hellwing
  2292 | D        | HP: 3/83 [Josephine/ghostly fireball (25)]
  2293 | D        | Killed from afar by Josephine

Illustrated notes

Levels and vault maps discovered:
D:        pitsprint [storerooms_1, entrance_room_1, metal_vault_3, armoury_1,
          mini_pit_1, grid_room_1, main_hall_1, silver_pit, the_coven_3,
          the_vestibule_1, steel_vault_5, golden_pit, hallway_of_sentries,
          crystal_vault_1, iron_vault_1, final_vault]

Skill      XL: |  1  2  3  4  5  6  7  8 |
---------------+-------------------------+-----
Fighting       | 3 4 5 6 7 9 10 11 | 11.4
Maces & Flails | 3 4 5 6 7 9 10 12 | 12.3
Dodging        | 3 4 5 |  5.9
Throwing       | 3 5 6 |  6.1
Invocations    | 1 2 4 5 |  5.8
Axes           | 4 |  4.7

Action                   |  1- 3 |  4- 6 |  7- 9 || total
-------------------------+-------+-------+-------++-------
Melee: Flail             |    35 |    11 |       ||    46
       Mace              |       |    53 |    25 ||    78
       Punch             |       |     1 |     1 ||     2
       Dire flail        |       |       |    19 ||    19
Throw: Throwing net      |     1 |       |     3 ||     4
Invok: Heroism           |       |     1 |     2 ||     3
  Use: Potion            |       |     1 |     5 ||     6
 Stab: Sleeping          |     2 |       |       ||     2
       Held in net/web   |     1 |       |     1 ||     2
Armor: Robe              |    14 |     5 |    14 ||    33
Dodge: Dodged            |    24 |    22 |    32 ||    78

Table legend: (Time is in decaauts)
 A = Elapsed time spent in this place.
 B = Non-inter-level travel time spent in this place.
 C = Inter-level travel time spent in this place.
 D = Time resting spent in this place.
 E = Time spent auto-exploring this place.
 F = Levels seen in this place.
 G = Mean time per level.
                   A        B        C        D        E       F      G
               +--------+--------+--------+--------+--------+-----+--------+
         Total |   2298 |   2265 |     33 |   1795 |      0 |   1 | 2298.0 |
       Dungeon |   2298 |   2265 |     33 |   1795 |      0 |   1 | 2298.0 |
               +--------+--------+--------+--------+--------+-----+--------+

Top non-repeatable levels by time:
       D: 2298 daAuts
